 Dungeon Crawl Stone Soup version 0.29.1-1-gd02db6906a (webtiles) character file.

Game seed: 15465794614538379873

366 MisterFreud the Twirler (level 7, -3/54 HPs)
             Began as a Formicid Gladiator on Oct 11, 2022.
             Was an Initiate of Yredelemnul.
             Slain by a wyvern (7 damage)
             ... on level 9 of the Dungeon.
             The game lasted 00:05:17 (4119 turns).

MisterFreud the Twirler (Formicid Gladiator)        Turns: 4119, Time: 00:05:18

Health: -3/54      AC:  3    Str: 20    XL:     7   Next: 1%
Magic:  7/7        EV: 12    Int: 14    God:    Yredelemnul [......]
Gold:   148        SH:  0    Dex: 15    Spells: 6/6 levels left

rFire   . . .      SeeInvis +   a - +0 quarterstaff
rCold   . . .      Faith    .   (no shield)
rNeg    . . .      Spirit   .   b - +0 leather armour
rPois   +          Reflect  .   (helmet unavailable)
rElec   .          Harm     .   (no cloak)
rCorr   .          Rampage  .   (no gloves)
Will    .....                   (no boots)
Stlth   +.........              (no amulet)
HPRegen 0.18/turn               g - ring of poison resistance
MPRegen 0.10/turn               j - +6 ring of intelligence

@: flying
A: permanent stasis, dig shafts and tunnels, antennae 3, four strong arms
a: Dig, Shaft Self, Renounce Religion, Recall Undead Harvest


You were on level 9 of the Dungeon.
You worshipped Yredelemnul.
Yredelemnul was noncommittal.
You visited 2 branches of the dungeon, and saw 10 of its levels.

You collected 148 gold pieces.

Inventory:

Hand Weapons
 a - a +0 quarterstaff (weapon)
Missiles
 c - 5 throwing nets (quivered)
 d - a javelin
 m - 3 boomerangs
 r - 3 poisoned darts
Armour
 b - a +0 leather armour (worn)
Jewellery
 g - a ring of poison resistance (left hand)
 j - a +6 ring of intelligence (right hand)
 n - a ring of fire
 q - a +6 ring of intelligence
 u - an amulet of magic regeneration
Wands
 e - a wand of mindburst (5)
Scrolls
 h - a scroll of fear
 p - 2 scrolls of enchant armour {unknown}
 s - a scroll of vulnerability {unknown}
 v - a scroll of summoning {unknown}
 w - a scroll of identify
Potions
 f - a potion of mutation
 i - a potion of might {unknown}
 k - 2 potions of curing
 l - a potion of berserk rage {unknown}
 o - a potion of flight
 t - a potion of invisibility {unknown}


   Skills:
 + Level 4.0 Fighting
 - Level 6.0 Staves
 - Level 2.0 Throwing
 - Level 2.6 Dodging
 + Level 2.6 Evocations


You had 6 spell levels left.
You didn't know any spells.
Your spell library contained the following spells:

 Spells                   Type           Power      Damage    Failure   Level
 Call Canine Familiar     Summ           0%         N/A       71%         3
 Portal Projectile        Hex/Tloc       0%         N/A       71%         3
 Leda's Liquefaction      Hex/Erth       0%         N/A       98%         4


Dungeon Overview and Level Annotations

Branches:
Dungeon (10/15)            Temple (1/1) D:6
   Lair: D:8-11         Orc: D:9-12

Altars:
Cheibriados
Elyvilon
Nemelex Xobeh
Ru
Uskayaw
Vehumet
Wu Jian
Yredelemnul

Annotations:
D:2 1 runed translucent door, Crazy Yiuf
D:5 Dowan
D:10 Josephine


Innate Abilities, Weirdness & Mutations

You cannot be hasted, slowed, berserked, paralysed or teleported.
You can dig through walls and to a lower floor.
You have a pair of large antennae on your head. (SInv)
Your four strong arms can wield two-handed weapons with a shield.


Message History

You climb upwards.
There is a stone staircase leading down here.
There is a stone staircase leading down here.
You climb downwards.
Josephine shouts!
There is a stone staircase leading up here.
You climb upwards.
There is a stone staircase leading down here.
Found 2 stones.
w - a scroll of identify A wyvern comes into view.
The wyvern hisses angrily.
There is an escape hatch in the ceiling here.
You hit the wyvern but do no damage. The wyvern bites you!
You sock the wyvern!
The wyvern is moderately wounded.
The wyvern barely misses you. The wyvern closely misses you.
You closely miss the wyvern.
The wyvern is moderately wounded.
The wyvern barely misses you.
You hit the wyvern but do no damage.
The wyvern is moderately wounded.
The wyvern barely misses you. x2
You hit the wyvern.
The wyvern is moderately wounded.
The wyvern bites you!
You closely miss the wyvern.
The wyvern is moderately wounded.
The wyvern closely misses you. The wyvern bites you!
* * * LOW HITPOINT WARNING * * *
You barely miss the wyvern.
The wyvern is moderately wounded.
The wyvern closely misses you.
It was a potion of flight.
You feel very buoyant.
You fly up into the air.
The wyvern bites you!
* * * LOW HITPOINT WARNING * * *
The wyvern bites you!
You die...
Your body rises from the dead as a mindless zombie.

.....#.#.>#....#
#............#
#..>..######...
#..#...### .. .
#....#...# y .#
#######..#### ##.##
#......#....###...(..
####......##.#...#.....
..........@l.......#
##.......#.......#
####.............##..#
#..........##>...# .#
...$...###......##....#
# ...####
#########....# # #....#
#....# #....#


You could see a wyvern.

Vanquished Creatures
  2 bullfrogs
  Jessica (D:2)
  Terence (D:2)
  An iguana (D:6)
  2 orc wizards (D:7)
  4 adders
  A dart slug (D:1)
  8 orcs
  3 bats
  2 endoplasms
  3 giant cockroaches (D:1)
  2 hobgoblins
  A quokka (D:1)
  A ball python (D:1)
  2 frilled lizards (D:2)
  4 goblins
  7 kobolds
  2 rats (D:1)
47 creatures vanquished.

Vanquished Creatures (collateral kills)
  A jelly (D:7)
1 creature vanquished.

Vanquished Creatures (others)
  An orc zombie (D:7)
1 creature vanquished.

Grand Total: 49 creatures vanquished

Notes
Turn   | Place    | Note
-------+----------+-------------------------------------------
     0 | D:1      | MisterFreud the Formicid Gladiator began the quest for the
                  | Orb.
     0 | D:1      | Reached XP level 1. HP: 16/16 MP: 1/1
    10 | D:1      | Found a faded altar of an unknown god.
    25 | D:1      | Reached XP level 2. HP: 16/22 MP: 2/2
   660 | D:1      | Reached skill level 4 in Staves
   660 | D:1      | Reached XP level 3. HP: 23/27 MP: 3/3
   823 | D:2      | Noticed Jessica
   833 | D:2      | Killed Jessica
   834 | D:2      | Reached XP level 4. HP: 21/33 MP: 4/4
  1222 | D:2      | Found a runed translucent door.
  1223 | D:2      | Noticed Crazy Yiuf
  1352 | D:2      | Noticed Terence
  1371 | D:2      | Killed Terence
  1372 | D:2      | Reached skill level 5 in Staves
  2028 | D:3      | Reached XP level 5. HP: 38/38 MP: 5/5
  2081 | D:3      | HP: 1/38 [gnoll/+0 whip (4)]
  2082 | D:3      | You fall into a shaft and drop 3 floors!
  2082 | D:6      | Found a staircase to the Ecumenical Temple.
  2091 | D:6      | Noticed an orc warrior
  2093 | Temple   | Entered the Ecumenical Temple
  2392 | Temple   | Became a worshipper of Yredelemnul the Dark
  2422 | D:5      | Entered Level 5 of the Dungeon
  2444 | D:5      | Noticed a black bear
  2547 | D:5      | Noticed Dowan
  2568 | D:5      | You fall into a shaft and drop 2 floors!
  2848 | D:7      | Reached * piety under Yredelemnul
  3184 | D:7      | Noticed a sky beast
  3192 | D:7      | Reached skill level 1 in Evocations
  3192 | D:7      | Reached XP level 6. HP: 20/47 MP: 6/6
  3380 | D:6      | Noticed a water moccasin
  3536 | D:6      | Reached skill level 6 in Staves
  3724 | D:6      | Found a sparkling altar of Nemelex Xobeh.
  3771 | D:6      | Found a hide-covered altar of Uskayaw.
  3830 | D:6      | You fall into a shaft and drop 3 floors!
  3865 | D:9      | Reached XP level 7. HP: 14/54 MP: 7/7
  3876 | D:9      | Noticed a hornet
  3941 | D:8      | Noticed a hornet
  3944 | D:8      | You fall into a shaft and drop 1 floor!
  4005 | D:10     | Entered Level 10 of the Dungeon
  4089 | D:10     | Noticed Josephine
  4089 | D:10     | Noticed a wraith
  4089 | D:10     | Noticed a wraith
  4089 | D:10     | Noticed a wraith
  4090 | D:10     | Noticed a wraith
  4090 | D:10     | Noticed a wraith
  4104 | D:9      | Noticed a wyvern
  4119 | D:9      | Slain by a wyvern

Illustrated notes

Levels and vault maps discovered:
D:1:      wander_arrival_desolate, layout_loops_ring, basic_ecumenical_altar
D:2:      layout_loops_ring, uniq_terence, uniq_crazy_yiuf_cottage, uniq_jessica
D:3:      cheibrodos_greedy_goblins, layout_basic, portal_sewer_entry_d
D:5:      layout_loops_ring, serial_shops, shop, minmay_starry_boxes,
          uniq_duvessa
D:6:      layout_basic, mainiacjoe_overflow_big_doors,
          minmay_temple_entry_large_hall, wad_floor_pattern_2
D:7:      layout_basic
D:8:      layout_rooms, old_standard_altar, gammafunk_ghost_ooze, serial_shops,
          nicolae_shop_advertising_works [nicolae_subvault_shop_adworks],
          grunt_decor_one_mirror, amcnicky_mini_pool_small, minmay_microvault
D:9:      layout_rooms
D:10:     layout_loops_ring, lair_entry_dummy, minmay_fountain_box, uniq_psyche,
          uniq_josephine, uniq_gastronok
Temple:   nicolae_temple_bog_church

Skill      XL: |  1  2  3  4  5  6 |
---------------+-------------------+-----
Staves         | 4 5 6 |  6.0
Fighting       | 3 4 |  4.0
Evocations     | 1 2 |  2.6
Throwing       | |  2.0
Dodging        | |  2.6

Action                   |  1- 3 |  4- 6 |  7- 9 || total
-------------------------+-------+-------+-------++-------
Melee: Quarterstaff      |    51 |   118 |     7 ||   176
 Abil: Shaft Self        |       |     3 |     1 ||     4
Evoke: Wand              |       |     1 |       ||     1
  Use: Scroll            |     2 |     4 |       ||     6
       Potion            |       |       |     1 ||     1
Armor: Leather armour    |    11 |    19 |       ||    30
Dodge: Dodged            |    30 |    71 |     8 ||   109
